 Dungeon Crawl Stone Soup version 0.22.1-1-ga44c0e56f4 (webtiles) character file.

420 Grim the Grave Robber (level 6, -20/61 HPs)
             Began as a Demonspawn Necromancer on Oct 14, 2018.
             Killed from afar by a crimson imp (43 damage)
             ... with an exploding inner flame
             ... hexed by the player character
             ... on level 5 of the Dungeon.
             The game lasted 00:12:44 (6433 turns).

Grim the Grave Robber (Demonspawn Necromancer)      Turns: 6433, Time: 00:12:45

Health: -20/61     AC:  4    Str: 14    XL:     6   Next: 62%
Magic:  7/9        EV: 12    Int: 18    God:
Gold:   126        SH:  0    Dex: 13    Spells: 4/9 levels left

rFire    . . .     SeeInvis .     - Unarmed
rCold    . . .     Gourm    .   (no shield)
rNeg     . . .     Faith    .   a - +0 robe
rPois    .         Spirit   .   (no helmet)
rElec    .         Reflect  .   (no cloak)
rCorr    .         Harm     .   (no gloves)
MR       .....                  (no boots)
Stlth    ..........             f - amulet of rage
HPRegen  0.20/turn              (no ring)
MPRegen  0.11/turn              (no ring)

@: berserking, very quick
A: thin metallic scales 1, nightstalker 2
a: Evoke Berserk Rage


You were on level 5 of the Dungeon.
You were very hungry.

You visited 1 branch of the dungeon, and saw 5 of its levels.

You collected 126 gold pieces.

Inventory:

Hand Weapons
 m - a +5 club
 o - a +0 whip
Armour
 a - a +0 robe (worn)
 q - a +0 helmet
Jewellery
 f - an amulet of rage (around neck)
 n - an uncursed amulet of magic regeneration
Wands
 l - a wand of digging (13)
 r - a wand of flame (32)
Scrolls
 d - a scroll of magic mapping
 e - a scroll of remove curse
Potions
 k - a potion of curing
Comestibles
 c - 3 rations


   Skills:
 - Level 1.7 Dodging
 - Level 1.7 Stealth
 - Level 2.2 Unarmed Combat
 - Level 2.3 Spellcasting
 - Level 6.5 Necromancy
 * Level 4.0 Evocations


You had 4 spell levels left.
You knew the following spells:

 Your Spells              Type           Power        Failure   Level  Hunger
a - Pain                  Necr           ####         1%          1    #......
b - Animate Dead          Necr           N/A          12%         4    #####..

Your spell library contained the following spells:

 Spells                   Type           Power        Failure   Level  Hunger
 Animate Skeleton         Necr           N/A          1%          1    #......
 Vampiric Draining        Necr           ####......   3%          3    ###....
 Regeneration             Chrm/Necr      ##........   14%         3    ###....


Dungeon Overview and Level Annotations

Branches:
Dungeon (5/15)             Temple (0/1) D:5

Altars:
Gozag
Makhleb
Zin
The Shining One

Shops:
D:4 ?

Annotations:
D:3 1 runed door


Innate Abilities, Weirdness & Mutations

You are partially covered in thin metallic scales. (AC +2)
You are significantly more attuned to the shadows.


Message History

You fail to use your ability.
The orc misses you. The crimson imp closely misses you.
A red film seems to cover your vision as you go berserk!
You feel yourself moving faster!
You feel mighty!
You are feeling very hungry.
The orc hits you. The crimson imp misses you.
You punch the crimson imp!
The crimson imp is heavily wounded.
The orc's inner flame fades away.
The orc closely misses you.
You hit the crimson imp.
The crimson imp is severely wounded.
The crimson imp hits you but does no damage.
The orc hits you.
You barely miss the crimson imp.
The crimson imp is severely wounded.
You hit the crimson imp.
The crimson imp explodes!
The fiery explosion engulfs you!
Ouch! That really hurt!
You die...

*,,,,,,,,,,,,<,*
*,,,*******,*,,*
*,,,*******,*,,*
*,,,**,,,,,,,,,*
*,,<**,****,,,,**
*,,,##,*,,,,,,,,, ###
*,,...,,,**,,,,**
###.#####§.##,****,,,,*
#...l5o@§l.[.,,,,*,,,,**
#...#####§##.,**,,,,,,,*
#.5.# *>#*,,****,,,,,*
#...# *,**,,****,,,,,*
#...####*,,,,,,,,,,,,,,*
#....§.#****,,*#**,,*,,*
#.####5# *,,..,,,,*,,*
#.* #)# *,..,,,,**,,*
#.####.#####.#*******,,*


You could see an iguana, a shadow imp (inner flame), an orc and a frilled
lizard.

Vanquished Creatures
  A scorpion (D:4)
  A hound (D:4)
  A bullfrog skeleton (D:4)
  An orc wizard (D:5)
  A centaur skeleton (D:4)
  Jessica (D:2)
  An iguana (D:4)
  Terence (D:3)
  A worker ant (D:4)
  A howler monkey skeleton (D:5)
  2 adders
  An ooze (D:3)
  An adder skeleton (D:4)
  7 worms
  5 leopard geckos
  9 orcs
  7 ball pythons
  8 bats
  4 giant cockroaches
  6 goblins
  2 hobgoblins
  7 jackals
  6 kobolds
  A quokka (D:3)
  2 frilled lizards (D:2)
  6 rats
84 creatures vanquished.

Notes
Turn   | Place    | Note
-------+----------+-------------------------------------------
     0 | D:1      | Grim the Demonspawn Necromancer began the quest for the
                  | Orb.
     0 | D:1      | Reached XP level 1. HP: 13/13 MP: 3/3
   507 | D:1      | Gained mutation: You are partially covered in thin metallic
                  | scales. (AC +2) [demonic ancestry]
   507 | D:1      | Reached XP level 2. HP: 19/19 MP: 3/5
  1291 | D:2      | Noticed Jessica
  1325 | D:2      | Killed Jessica
  1325 | D:2      | Reached skill level 1 in Unarmed Combat
  1325 | D:2      | Reached skill level 5 in Necromancy
  1325 | D:2      | Gained mutation: You are slightly more attuned to the
                  | shadows. [demonic ancestry]
  1325 | D:2      | Reached XP level 3. HP: 23/24 MP: 3/6
  1922 | D:2      | Reached XP level 4. HP: 30/30 MP: 5/7
  2604 | D:3      | Noticed Terence
  2615 | D:3      | Killed Terence
  2615 | D:3      | Reached skill level 6 in Necromancy
  3228 | D:3      | Learned a level 4 spell: Animate Dead
  3237 | D:3      | Found a glowing golden altar of the Shining One.
  3237 | D:3      | Noticed an angel
  3238 | D:3      | Found a runed door.
  3340 | D:3      | Gained mutation: You are significantly more attuned to the
                  | shadows. [demonic ancestry]
  3340 | D:3      | Reached XP level 5. HP: 35/35 MP: 6/8
  4267 | D:4      | Found an opulent altar of Gozag.
  4600 | D:4      | Reached skill level 1 in Evocations
  5227 | D:4      | Reached XP level 6. HP: 17/41 MP: 2/9
  5697 | D:4      | Found Cebusis's Magic Scroll Boutique.
  6186 | D:4      | Found a burning altar of Makhleb.
  6187 | D:4      | Noticed an Executioner
  6189 | D:4      | Found a glowing silver altar of Zin.
  6189 | D:4      | Noticed an angel
  6354 | D:5      | Entered Level 5 of the Dungeon
  6433 | D:5      | Killed from afar by a crimson imp

Skill      XL: |  1  2  3  4  5  6 |
---------------+-------------------+-----
Unarmed Combat | 1 2 |  2.2
Necromancy     | 5 6 |  6.5
Evocations     | 2 4 |  4.0
Dodging        | |  1.7
Stealth        | |  1.7
Spellcasting   | |  2.3

Action                   |  1- 3 |  4- 6 || total
-------------------------+-------+-------++-------
Melee: Unarmed           |    17 |   106 ||   123
       Punch             |       |     2 ||     2
 Cast: Pain              |    50 |   116 ||   166
       Animate Dead      |       |     1 ||     1
 Abil: Evoke Berserk Rag |       |     6 ||     6
  Use: Potion            |       |     6 ||     6
       Scroll            |       |     5 ||     5
 Stab: Sleeping          |       |     2 ||     2
  Eat: Chunk             |     2 |    11 ||    13
       Ration            |       |     3 ||     3
Armor: Robe              |     9 |    52 ||    61
Dodge: Dodged            |    24 |   145 ||   169
